Map: Dusk Towers

Players

Miszu - Winner!

  • Race: Terran Terran
  • League: Grandmaster

goblin

  • Race: Protoss Protoss
  • League: Master

VOD

Have the link to the VOD?

Description

Time

  • Played on: Feb. 13, 2016, 11:07 a.m.
  • Length: 3:58
Show
View Real Time Build Order
Export as new Build Order

Miszu Terran - Winner!

Build Orders:  

Get SALT Encoding   

  12  0:01  SCV  
  13  0:13  SCV  
  14  0:18  Supply Depot  
  14  0:25  SCV  
  15  0:40  Barracks  
  15  0:52  Barracks  
  15  1:04  Barracks  
  15  1:28  Marine  
  15  1:29  Barracks  
  16  1:39  Marine  
  17  1:41  Supply Depot  
  17  1:49  Marine  
  17  1:52  Marine  
  19  1:57  Marine  
  20  2:06  Marine  
  21  2:10  Marine  
  21  2:14  Marine  
  23  2:22  Marine  
  24  2:24  Marine  
  24  2:27  Marine  
  26  2:32  Marine  
  25  2:39  Marine  
  25  2:42  Marine  
  27  2:45  Marine  
  27  2:52  Bunker, Marine  
  27  2:57  Marine  
  29  3:00  Marine  
  29  3:03  Marine  
  30  3:10  Marine  
  30  3:15  Marine  
  31  3:37  Marine  
  31  3:38  Marine  
  31  3:49  Supply Depot  
Show
View Real Time Build Order
Export as new Build Order

goblin Protoss 

Build Orders: 1 Gate Expand 

Get SALT Encoding   

  12  0:01  Probe (Chrono Boost)  
  13  0:11  Probe (Chrono Boost)  
  14  0:17  Pylon  
  14  0:22  Probe (Chrono Boost)  
  15  0:36  Gateway, Probe (Chrono Boost)  
  15  0:41  Assimilator  
  16  0:46  Probe (Chrono Boost)  
  18  0:57  Probe (Chrono Boost)  
  18  1:07  Probe (Chrono Boost)  
  19  1:19  Nexus  
  19  1:33  Cybernetics Core  
  19  1:36  Zealot  
  21  1:43  Probe (Chrono Boost)  
  22  1:47  Pylon  
  23  1:54  Probe (Chrono Boost)  
  23  2:07  Gateway  
  23  2:11  Stalker (Chrono Boost)  
  24  2:27  Mothership Core (Chrono Boost)  
  26  2:35  Zealot (Chrono Boost)  
  24  2:40  Probe (Chrono Boost)  
  12  3:19  Probe  
  9  3:21  Probe  
  11  3:33  Probe  
  12  3:43  Probe  
Tags
 
Add a new tag
Caveats
  • Supply blocks, unpowered buildings, or Contaminate may cause inaccurate times.
  • Supply counts are checked every 10 seconds.